 Dungeon Sprint DCSS version 0.13.0-29-gdb529de (webtiles) character file.

119 Lilouch the Ducker (level 4, 0/33 HPs)
             Began as an Octopode Fighter on Nov 13, 2013.
             Was an Initiate of Okawaru.
             Slain by a hill giant
             ... wielding a +0,+0 giant club
              (22 damage)
             ... in the Dungeon (Sprint IX: "|||||||||||||||||||||||||||||").
             The game lasted 00:02:36 (224 turns).

Lilouch the Ducker (Octopode Fighter)                Turns: 224, Time: 00:02:37

HP   0/33        AC  1     Str 16      XL: 4   Next: 72%
MP   3/3         EV 14     Int 16      God: Okawaru [......]
Gold 20          SH 19     Dex 11      Spells:  0 memorised,  3 levels left

Res.Fire  : + + .   See Invis. : .   n - +2 sabre "Hyrul" {slice, rF++ Int+3}
Res.Cold  : . . .   Warding    : .   c - +0 shield
Life Prot.: . . .   Conserve   : .   (helmet restricted)
Res.Poison: .       Res.Corr.  : .   (no amulet)
Res.Elec. : .       Clarity    : .   p - +3 ring of intelligence
Sust.Abil.: . .     Spirit.Shd : .   q - +2 ring of evasion
Res.Mut.  : .       Prev.Telep.: +   (no ring)
Res.Rott. : .       Flight     : .   (no ring)
Saprovore : . . .                    (no ring)
                                     (no ring)
                                     (no ring)
                                     (no ring)

@: slightly resistant to hostile enchantments, fairly stealthy
A: almost no armour, amphibious, 8 rings, constrict 8, camouflage 1, AC +1
a: Renounce Religion


You were in the Dungeon.
You worshipped Okawaru.
Okawaru was noncommittal.
You were not hungry.

You visited 1 branch

Inventory:

Hand weapons
 a - a +0,+0 falchion
 n - the +2,+2 sabre "Hyrul" (weapon) {slice, rF++ Int+3}
   (You found it in the Dungeon)

   It inflicts extra damage upon your enemies.
   It affects your intelligence (+3).
   It greatly protects you from fire.
 o - a +2,+2 scimitar of holy wrath
Armour
 c - a +0 shield (worn)
Magical devices
 m - a wand of fire (7)
Comestibles
 d - a bread ration
Scrolls
 j - 2 scrolls of blinking
 k - 3 scrolls of remove curse
 l - 2 scrolls of amnesia
Jewellery
 p - a +3 ring of intelligence (left tentacle)
 q - a +2 ring of evasion (right tentacle)
Potions
 b - a potion of invisibility
 e - 5 potions of curing
 f - 3 potions of heal wounds
 g - a potion of speed
 h - 4 potions of magic
 i - a potion of berserk rage


   Skills:
 + Level 5.6 Fighting
 + Level 3.4 Long Blades
 + Level 5.9 Dodging
 + Level 0.4 Stealth
 + Level 5.3 Shields


You had 3 spell levels left.
You didn't know any spells.

Dungeon Overview and Level Annotations

Branches:
Dungeon (1/1)

Altars:
Ashenzari
Cheibriados
Elyvilon
Fedhas
Kikubaaqudgha
Makhleb
Nemelex Xobeh
Okawaru
Sif Muna
Trog
Vehumet
Xom
Yredelemnul
Zin
the Shining One


Innate Abilities, Weirdness & Mutations

You cannot wear most types of armour.
You are amphibious.
You can wear up to eight rings at the same time.
You can use your tentacles to constrict many enemies at once.
Your skin changes colour to match your surroundings (Stlth).
Your rubbery body absorbs attacks (AC +1).


Message History

Your squeeze misses the crimson imp.
The crimson imp is lightly wounded.
You constrict the hobgoblin.
You kill the hobgoblin!
Okawaru accepts your kill.
You constrict the crimson imp. You block the crimson imp's attack.
You barely miss the hill giant.
You squeeze the hill giant, but do no damage.
You constrict the crimson imp. You block the hill giant's attack.
You block the crimson imp's attack. The crimson imp hits you.
You hit the crimson imp.
The crimson imp is moderately wounded.
You constrict the crimson imp. You block the hill giant's attack.
The crimson imp misses you.
You hit the crimson imp but do no damage.
The crimson imp is heavily wounded.
You constrict the crimson imp.
The hill giant hits you with a giant club!
Ouch! That really hurt!
You die...

#+#
#.#
#.#
#.#
#l#
#z#
#C#
#@#
#5#
#.#
#[#
#[#
#[#
#)#
#|#
#.#


You could see a hill giant, an iguana, a crimson imp and a goblin skeleton.

Vanquished Creatures
  A jelly (D)
  A hound (D)
  An orc wizard (D)
  A giant mite (D)
  A hobgoblin (D)
  3 kobolds (D)
  A goblin (D)
  3 rats (D)
12 creatures vanquished.

Notes
Turn   | Place    | Note
--------------------------------------------------------------
     0 | D        | Lilouch, the Octopode Fighter, began the quest for the Orb.
     0 | D        | Reached XP level 1. HP: 16/16 MP: 0/0
    24 | D        | Noticed a hound
    24 | D        | Noticed an orc wizard
    29 | D        | Killed an orc wizard
    29 | D        | Reached skill level 4 in Fighting
    29 | D        | Reached XP level 2. HP: 11/22 MP: 1/1
    29 | D        | Reached XP level 3. HP: 13/27 MP: 2/2
    36 | D        | Killed a hound
    36 | D        | Reached skill level 5 in Fighting
    36 | D        | Reached skill level 5 in Dodging
    36 | D        | Reached XP level 4. HP: 9/33 MP: 3/3
   142 | D        | Found a radiant altar of Vehumet.
   142 | D        | Found a blossoming altar of Fedhas.
   142 | D        | Found a white marble altar of Elyvilon.
   142 | D        | Found a shattered altar of Ashenzari.
   142 | D        | Found a glowing golden altar of the Shining One.
   142 | D        | Found an iron altar of Okawaru.
   142 | D        | Found a glowing silver altar of Zin.
   143 | D        | Found a bloodstained altar of Trog.
   144 | D        | Found a deep blue altar of Sif Muna.
   145 | D        | Found a burning altar of Makhleb.
   146 | D        | Became a worshipper of Warmaster Okawaru
   178 | D        | Found a shimmering altar of Xom.
   179 | D        | Found an iron altar of Okawaru.
   180 | D        | Found an ancient bone altar of Kikubaaqudgha.
   181 | D        | Found a glowing silver altar of Zin.
   182 | D        | Found a snail-covered altar of Cheibriados.
   183 | D        | Found a sparkling altar of Nemelex Xobeh.
   184 | D        | Found a basalt altar of Yredelemnul.
   202 | D        | Got the +2,+2 sabre "Hyrul" {slice, rF++ Int+3}
   214 | D        | Noticed an iguana
   214 | D        | Noticed a hill giant
   214 | D        | Noticed a crimson imp
   214 | D        | Noticed a jelly
   218 | D        | Killed a jelly
   218 | D        | Reached skill level 5 in Shields
   224 | D        | Slain by a hill giant

Action                   |  1- 3 |  4- 6 || total
-------------------------+-------+-------++-------
Melee: Falchion          |    20 |       ||    20
       Sabre             |       |     9 ||     9
